 Dungeon Crawl Stone Soup version 0.21-a0-621-gc60411f (webtiles) character file.

133 Amnesiac the Insei (level 5, -1/35 HPs)
             Began as an Octopode Transmuter on Dec 23, 2017.
             Killed by nerve-wracking pain
             ... invoked by an orc priest
              (4 damage)
             ... on level 3 of the Dungeon.
             The game lasted 00:02:36 (1941 turns).

Amnesiac the Insei (Octopode Transmuter)            Turns: 1941, Time: 00:02:37

Health: -1/35      AC:  1    Str: 10    XL:     5   Next: 16%
Magic:  8/8        EV: 14    Int: 15    God:
Gold:   170        SH:  0    Dex: 13    Spells: 2/8 levels left

rFire    . . .     SeeInvis .     - Unarmed
rCold    . . .     Gourm    .   (no shield)
rNeg     . . .     Faith    .   (helmet restricted)
rPois    .         Spirit   .   (no amulet)
rElec    .         Reflect  .   (no ring)
rCorr    .         Harm     .   (no ring)
MR       .....                  (no ring)
Stlth    ++........             (no ring)
HPRegen  0.11/turn              (no ring)
MPRegen  0.11/turn              (no ring)
                                (no ring)
                                (no ring)

@: no status effects
A: almost no armour, stealthy swim, amphibious, 8 rings, constrict 8, camouflage
1, gelatinous body 1
a: no special abilities


You were on level 3 of the Dungeon.
You were not hungry.

You visited 1 branch of the dungeon, and saw 3 of its levels.

You collected 170 gold pieces.

Inventory:

Hand Weapons
 k - a +1 dagger of venom
Missiles
 a - 48 arrows
 o - 20 poisoned needles
Scrolls
 e - 3 scrolls of teleportation {!r, unknown}
 g - 4 scrolls of identify {!r, unknown}
 i - 2 scrolls of remove curse {!r, unknown}
 n - a scroll of noise {!r, unknown}
Potions
 d - 3 potions of lignification {!q, unknown}
 h - 2 potions of curing {!q, unknown}
 j - a potion of heal wounds {!q, unknown}
 l - a potion of brilliance {!q, unknown}
 m - a potion of might {!q, unknown}
Books
 b - a book of Changes

   Spells                             Type                      Level
   a - Beastly Appendage              Transmutation                1
   b - Sticks to Snakes               Transmutation                2
   c - Spider Form                    Transmutation/Poison         3
   d - Ice Form                       Ice/Transmutation            4
   e - Blade Hands                    Transmutation                5
Comestibles
 c - 5 rations
 f - 2 chunks of flesh


   Skills:
 + Level 2.4 Fighting
 + Level 2.4 Dodging
 * Level 3.5 Unarmed Combat
 + Level 2.3 Spellcasting
 * Level 3.5 Transmutations


You had 2 spell levels left.
You knew the following spells:

 Your Spells              Type           Power        Failure   Level  Hunger
a - Beastly Appendage     Tmut           ##....       4%          1    #......
b - Sticks to Snakes      Tmut           ##......     8%          2    ###....
e - Spider Form           Tmut/Pois      #.........   30%         3    ###....


Dungeon Overview and Level Annotations

Branches:
Dungeon (3/15)

Altars:
Ashenzari
Kikubaaqudgha

Annotations:
D:1 Natasha


Innate Abilities, Weirdness & Mutations

You cannot wear most types of armour.
You are very stealthy in the water. (Stealth+)
You are amphibious.
You can wear up to eight rings at the same time.
You can use your tentacles to constrict eight enemies at once.
Your skin changes colour to match your surroundings (Stealth+).
Your rubbery body absorbs attacks. (AC +1, EV +1)


Message History

The adder is heavily wounded.
The adder closely misses you.
You tentacle-slap the adder but do no damage.
The adder is heavily wounded.
The adder misses you.
You tentacle-slap the adder. You grab the adder.
The adder is severely wounded.
You constrict the adder. The adder closely misses you.
You tentacle-slap the adder but do no damage.
The adder is almost dead.
You constrict the adder.
You kill the adder!
No target in view!
You start resting.
Eating a chunk of flesh.
You eat the chunk of flesh.
This raw flesh tastes terrible.
HP restored.
You butcher the adder corpse.
f - 2 chunks of flesh
There is a stone staircase leading up here.
p - a stone 2 orc priests come into view.
The orc priest shouts! x2; You hear a shout! x3
An orc comes into view. It is wielding a club.
Throwing (i - inventory):
p - a stone (quivered)
Press: ? - help, Shift-Dir - straight line, f - orc priest
Aim: an orc priest, wielding a flail You throw a stone.
The stone hits the orc priest but does no damage.
The orc priest invokes the aid of Beogh against you.
Beogh smites you!
There are monsters nearby!
An orc comes into view. It is wielding a club.
There are monsters nearby!
You tentacle-slap the orc priest. You grab the orc priest.
The orc priest is heavily wounded.
You constrict the orc priest. The orc priest hits you with a flail.
* * * LOW HITPOINT WARNING * * *
An orc wizard comes into view. It is wielding a dagger.
You tentacle-slap the orc priest.
The orc priest is severely wounded.
You constrict the orc priest. The orc priest closely misses you.
You tentacle-slap the orc priest.
You kill the orc priest!
You have reached level 5!
You feel stronger.
You closely miss the orc priest. You grab the orc priest.
You constrict the orc priest. The orc priest closely misses you.
You completely miss the orc priest.
The orc priest is lightly wounded.
You constrict the orc priest.
The orc priest invokes the aid of Beogh against you.
Pain shoots through your body!
* * * LOW HITPOINT WARNING * * *
You barely miss the orc priest.
The orc priest is moderately wounded.
You constrict the orc priest. The orc priest barely misses you.
You tentacle-slap the orc priest but do no damage.
You squeeze the orc priest.
The orc priest is heavily wounded.
You constrict the orc priest.
The orc priest mumbles some strange prayers to Beogh against you.
Pain shoots through your body!
You die...

#. #......... ..
#.........
#.######## #.#
########.#
.........#
#######..#
#####..########
........@ooo.o..
######..########
#.$# ....#
###.## #. #. ..


You could see an orc priest, an orc wizard and 2 orcs.

Vanquished Creatures
  An orc priest (D:3)
  Natasha (D:2)
  3 adders
  3 dart slugs
  2 leopard geckos
  2 giant cockroaches
  5 goblins
  2 hobgoblins (D:1)
  6 jackals
  2 quokkas
  5 bats
  5 frilled lizards
  8 kobolds
  5 rats (D:1)
50 creatures vanquished.

Notes
Turn   | Place    | Note
-------+----------+-------------------------------------------
     0 | D:1      | Amnesiac the Octopode Transmuter began the quest for the Orb.
     0 | D:1      | Reached XP level 1. HP: 13/13 MP: 3/3
   196 | D:1      | Reached XP level 2. HP: 16/18 MP: 5/5
   200 | D:1      | Learned a level 2 spell: Sticks to Snakes
   266 | D:1      | Found a shattered altar of Ashenzari.
   617 | D:1      | Reached XP level 3. HP: 19/24 MP: 6/6
   633 | D:1      | Learned a level 3 spell: Spider Form
  1128 | D:2      | Noticed Natasha
  1145 | D:2      | Killed Natasha
  1145 | D:2      | Reached XP level 4. HP: 28/29 MP: 3/7
  1214 | D:2      | Found an ancient bone altar of Kikubaaqudgha.
  1253 | D:2      | Noticed Natasha
  1937 | D:3      | Reached XP level 5. HP: 17/35 MP: 8/8
  1941 | D:3      | Killed from afar by an orc priest

Vault maps used:
D:1:      lightli_iron_boxes, ashenzari_altar_1
D:2:      nicolae_overflow_crystal_walls, first_ration, uniq_natasha

Skill      XL: |  1  2  3 |
---------------+----------+-----
Fighting       | 2 |  2.4
Transmutations | 3 |  3.5
Dodging        | |  2.4
Unarmed Combat | |  3.5
Spellcasting   | |  2.3

Action                   |  1- 3 |  4- 6 || total
-------------------------+-------+-------++-------
Melee: Unarmed           |    69 |    57 ||   126
       Constrict         |    15 |    12 ||    27
       Tentacles         |    15 |     7 ||    22
Throw: Stone             |       |     2 ||     2
 Cast: Spider Form       |     1 |     1 ||     2
 Stab: Sleeping          |     5 |     4 ||     9
  Eat: Chunk             |     1 |     3 ||     4
Armor: Skin              |     3 |     5 ||     8
Dodge: Dodged            |    32 |    31 ||    63

Table legend:
 A = Spawn XP
 B = Non-spawn XP
 C = Spawn XP percentage of total XP
 D = Spawn monster count
 E = Non-spawn monster count
 F = Spawn count percentage of total count
 G = Total turns spent on level
                    A         B        C        D         E        F      G
               +---------+---------+-------+---------+---------+-------+---------
         Total |       0 |     191 |   0.0 |       0 |      50 |   0.0 |  1941
               +---------+---------+-------+---------+---------+-------+---------
           D:1 |       0 |      42 |   0.0 |       0 |      28 |   0.0 |  1060
           D:2 |       0 |      85 |   0.0 |       0 |      14 |   0.0 |   629
           D:3 |       0 |      64 |   0.0 |       0 |       8 |   0.0 |   252
               +---------+---------+-------+---------+---------+-------+---------
